Map: [ESL] Hecate

Players

ShoWTimE - Winner!

  • Race: Protoss Protoss
  • League: Master
  • Spawn Location: 1:00

BabyMarine

  • Race: Terran Terran
  • Spawn Location: 7:00

Event: HomeStory Cup XXIV

VOD

Have the link to the VOD?

Description

Time

  • Played on: Dec. 2, 2023, 7:18 a.m.
  • Length: 17:43

All games in this series

Show
View Real Time Build Order
Export as new Build Order

ShoWTimE Protoss - Winner!

Build Orders: 1 Gate Expand, Phoenix Opening 

Get SALT Encoding   

  12  0:00  Probe  
  13  0:12  Probe  
  14  0:18  Pylon  
  14  0:24  Probe  
  15  0:37  Probe (Chrono Boost)  
  15  0:39  Gateway  
  16  0:48  Assimilator, Probe (Chrono Boost)  
  17  0:53  Probe (Chrono Boost)  
  18  1:03  Probe  
  19  1:15  Probe  
  20  1:27  Probe  
  20  1:28  Cybernetics Core  
  21  1:39  Nexus  
  21  1:46  Pylon  
  21  1:49  Probe  
  22  1:55  Assimilator  
  23  2:01  Adept (Chrono Boost), Probe  
  25  2:09  Warp Gate  
  25  2:13  Probe  
  26  2:22  Stalker (Chrono Boost)  
  26  2:25  Probe  
  29  2:37  Probe  
  29  2:41  Robotics Facility  
  30  2:49  Probe  
  31  2:59  Probe  
  31  3:00  Sentry, Gateway  
  31  3:03  Probe (Chrono Boost)  
  35  3:06  Shield Battery  
  35  3:11  Probe (Chrono Boost)  
  36  3:19  Probe (Chrono Boost)  
  38  3:20  Probe (Chrono Boost)  
  38  3:21  Pylon  
  38  3:25  Probe (Chrono Boost)  
  39  3:28  Observer, Probe (Chrono Boost)  
  39  3:30  Phoenix  
  41  3:37  Probe (Chrono Boost)  
  43  3:42  Probe (Chrono Boost)  
  43  3:43  Twilight Council, Probe (Chrono Boost)  
  44  3:50  Assimilator, Probe  
  44  3:52  Observer, Probe  
  47  3:57  Stalker  
  47  4:01  Pylon, Stalker  
  47  4:02  Probe  
  52  4:04  Probe  
  52  4:09  Assimilator  
  53  4:14  Probe  
  54  4:19  Probe  
  54  4:21  Pylon  
  55  4:25  Immortal  
  55  4:26  Probe  
  57  4:35  Probe  
  57  4:38  Stalker x2  
  59  4:40  Probe  
  58  4:47  Probe (Chrono Boost)  
  58  4:52  Probe (Chrono Boost)  
  58  4:59  Probe (Chrono Boost)  
  59  5:02  Probe (Chrono Boost)  
  59  5:03  Blink (Chrono Boost)  
  59  5:04  Probe (Chrono Boost)  
  61  5:07  Probe (Chrono Boost)  
  61  5:14  Probe  
  63  5:19  Pylon, Probe  
  64  5:26  Probe  
  65  5:28  Templar Archives  
  65  5:31  Probe  
  65  5:32  Nexus  
  66  5:38  Probe  
  66  5:41  Gateway  
  67  5:43  Probe  
  67  5:44  Gateway  
  67  5:48  Gateway  
  68  5:52  Gateway  
  68  5:57  Psionic Storm, Gateway  
  68  6:01  Gateway  
  68  6:12  High Templar x2  
  68  6:14  Pylon  
  68  6:16  Probe  
  68  6:17  Observer, Probe  
  74  6:24  Shield Battery  
  74  6:28  Probe  
  74  6:29  Pylon, Probe  
  76  6:34  Pylon  
  76  6:37  Charge (Chrono Boost)  
  76  6:40  High Templar, Probe  
  76  6:45  Probe  
  80  6:48  Forge  
  80  6:50  Pylon, Probe  
  80  6:52  High Templar  
  80  6:54  Probe  
  83  6:57  Probe  
  84  7:01  Warp Prism  
  84  7:02  Probe  
  84  7:06  Probe  
  88  7:09  Probe  
  88  7:12  Sentry, Zealot  
  88  7:13  Zealot  
  88  7:14  Probe  
  96  7:17  Pylon  
  96  7:18  Protoss Ground Weapons Level 1 (Chrono Boost), Probe  
  96  7:20  Pylon  
  96  7:22  Probe  
  98  7:29  Pylon, Stalker x2  
  102  7:34  Zealot x2  
  106  7:41  Zealot x3  
  112  7:45  Assimilator  
  112  7:47  Assimilator  
  111  7:57  Zealot x5  
  118  8:08  Zealot x3  
  118  8:10  Probe  
  118  8:12  Pylon, Assimilator  
  125  8:20  Zealot x2  
  125  8:21  Zealot x3  
  125  8:33  Zealot x3  
  113  8:38  Probe x2  
  113  8:41  Assimilator  
  115  8:43  Robotics Bay  
  115  8:47  Robotics Facility  
  115  8:54  Zealot x2  
  115  8:55  Pylon, Zealot x5  
  129  8:57  High Templar  
  129  8:58  Protoss Ground Weapons Level 2 (Chrono Boost)  
  129  9:01  Probe  
  132  9:12  Nexus  
  132  9:20  Probe  
  131  9:25  Photon Cannon  
  131  9:26  Shield Battery  
  131  9:28  High Templar x2, Photon Cannon  
  131  9:30  High Templar  
  135  9:36  Colossus (Chrono Boost)  
  141  9:43  Colossus (Chrono Boost)  
  147  9:46  Extended Thermal Lance  
  147  9:51  Forge  
  143  9:53  Observer  
  143  9:54  Probe x2  
  143  9:55  Probe  
  146  10:03  High Templar x2  
  146  10:05  Archon  
  146  10:06  Probe  
  149  10:10  Zealot  
  149  10:11  Zealot x4  
  152  10:18  Archon  
  152  10:19  Zealot  
  152  10:24  Colossus (Chrono Boost)  
  136  10:32  Colossus (Chrono Boost)  
  136  10:34  High Templar x2  
  136  10:35  Probe x3  
  140  10:36  Probe  
  140  10:41  Pylon  
  140  10:42  Protoss Ground Armor Level 1 (Chrono Boost)  
  142  10:43  Zealot x2  
  142  10:49  Photon Cannon  
  146  10:50  High Templar  
  146  10:51  Shield Battery  
  148  10:57  Photon Cannon  
  148  11:00  Zealot x3  
  154  11:08  Zealot x4  
  162  11:22  Stalker  
  162  11:25  Pylon  
  164  11:27  Pylon, Photon Cannon  
  164  11:29  Pylon  
  164  11:31  Protoss Ground Weapons Level 3 (Chrono Boost)  
  164  11:34  Photon Cannon  
  164  11:35  Photon Cannon  
  164  11:38  Pylon  
  163  11:47  Stalker x3  
  163  11:48  Stalker x3  
  173  11:55  Zealot x2  
  173  12:00  Dark Shrine  
  177  12:08  Pylon  
  177  12:12  Nexus  
  177  12:14  Pylon  
  177  12:15  Observer (Chrono Boost)  
  177  12:20  High Templar x2  
  177  12:21  Assimilator  
  177  12:22  High Templar, Observer (Chrono Boost)  
  183  12:25  Archon, Stalker x3, Assimilator  
  189  12:30  Photon Cannon  
  189  12:32  Shield Battery  
  189  12:36  Observer (Chrono Boost)  
  187  12:37  Observer (Chrono Boost)  
  187  12:43  Zealot x2  
  191  12:47  Protoss Ground Armor Level 2 (Chrono Boost)  
  191  12:48  Gateway  
  191  12:50  Gateway  
  191  12:59  Disruptor  
  195  13:05  Photon Cannon  
  195  13:13  Gateway, Shadow Stride  
  195  13:15  Gateway  
  195  13:18  Zealot x2  
  199  13:22  Robotics Facility  
  199  13:31  Gateway  
  199  13:32  Gateway  
  199  13:35  Stargate  
  199  13:48  Archon  
  199  14:03  Protoss Shields Level 1 (Chrono Boost)  
  198  14:28  Shield Battery  
  198  14:30  Shield Battery  
  198  14:32  Shield Battery  
  196  14:51  Disruptor (Chrono Boost)  
  196  15:01  Disruptor (Chrono Boost), Stargate, Fleet Beacon  
  196  15:06  Probe  
  197  15:07  Pylon, Probe x2  
  191  15:22  Disruptor  
  191  15:43  Nexus  
  191  15:44  Protoss Air Weapons Level 1 (Chrono Boost)  
  191  15:45  Pylon  
  189  15:51  Tempest (Chrono Boost)  
  189  15:53  Stargate  
  189  15:56  Tempest (Chrono Boost)  
  187  16:13  Assimilator  
  187  16:15  Assimilator  
  184  16:18  Photon Cannon  
  184  16:21  Photon Cannon  
  184  16:24  Photon Cannon  
  184  16:27  Photon Cannon  
  184  16:29  Pylon  
  184  16:31  Tempest (Chrono Boost)  
  189  16:36  Tempest (Chrono Boost)  
  194  16:44  Pylon  
  194  16:46  Tempest  
  199  17:12  Archon  
  188  17:23  Zealot x6  
  188  17:29  Stalker x3  
  200  17:32  Stalker x5  
Show
View Real Time Build Order
Export as new Build Order

BabyMarine Terran 

Build Orders:  

Get SALT Encoding   

  12  0:00  SCV  
  13  0:12  SCV  
  14  0:18  Supply Depot  
  14  0:24  SCV  
  15  0:39  SCV  
  15  0:41  Barracks  
  16  0:46  Refinery  
  16  0:52  SCV  
  16  0:57  Refinery  
  17  1:05  SCV  
  18  1:17  SCV  
  19  1:26  Barracks  
  19  1:29  SCV  
  19  1:41  SCV  
  20  1:54  SCV  
  21  2:06  Reaper, Orbital Command  
  22  2:14  Barracks Reactor  
  22  2:16  Factory  
  22  2:32  SCV  
  23  2:41  Supply Depot  
  23  2:54  Command Center  
  23  3:01  Starport  
  24  3:07  Hellion  
  24  3:08  Hellion, SCV  
  28  3:14  Supply Depot  
  28  3:29  Hellion  
  28  3:31  SCV  
  31  3:34  Barracks Tech Lab  
  31  3:36  Hellion  
  31  3:38  Medivac  
  35  3:43  SCV  
  36  3:55  SCV  
  37  4:04  Marine x2  
  37  4:06  Siege Tank  
  37  4:07  SCV  
  37  4:09  Barracks Tech Lab  
  43  4:10  Orbital Command  
  43  4:20  SCV  
  43  4:21  Bunker  
  42  4:32  SCV  
  42  4:37  Marine x2  
  43  4:38  Stimpack, Marine  
  43  4:39  Siege Tank  
  43  4:42  SCV  
  43  4:44  SCV  
  45  4:54  SCV  
  45  4:55  Marine x2, Supply Depot  
  45  4:56  Marine  
  45  4:57  SCV  
  48  5:06  SCV  
  49  5:09  SCV  
  49  5:11  Siege Tank  
  49  5:13  Marine  
  54  5:16  Marine  
  54  5:17  Engineering Bay  
  54  5:18  Marine  
  54  5:19  Supply Depot, SCV  
  57  5:21  SCV  
  57  5:27  Refinery  
  58  5:30  Supply Depot  
  58  5:31  Marine, SCV  
  58  5:33  SCV  
  58  5:34  Marine  
  62  5:35  Marine  
  62  5:43  SCV  
  62  5:44  Siege Tank  
  62  5:45  Starport Reactor, SCV  
  67  5:57  Supply Depot, SCV x2  
  67  5:58  Command Center, Marine  
  67  6:00  Marine  
  67  6:01  Marine  
  72  6:08  Terran Infantry Weapons Level 1  
  72  6:10  SCV x2  
  74  6:16  Marine  
  74  6:17  Supply Depot  
  74  6:18  Marine  
  75  6:22  Combat Shield, SCV  
  75  6:25  Barracks  
  77  6:28  Marauder, Supply Depot  
  77  6:31  Medivac, Factory Reactor  
  81  6:35  Marine  
  81  6:36  Refinery, Marine  
  83  6:50  Marauder  
  83  6:51  Medivac  
  83  6:52  Marine  
  83  6:53  SCV x2  
  90  6:56  Barracks  
  90  6:58  Barracks  
  90  7:02  Supply Depot  
  90  7:08  Medivac  
  91  7:09  Widow Mine x2, Marine  
  91  7:10  Marine  
  91  7:11  Marauder  
  91  7:13  SCV x2  
  101  7:15  Concussive Shells  
  101  7:19  Marauder  
  103  7:24  Medivac  
  103  7:28  SCV x2  
  107  7:35  Marine  
  107  7:36  Marauder  
  109  7:38  Ghost Academy  
  109  7:41  Marauder  
  111  7:45  SCV  
  111  7:46  Barracks Tech Lab, Barracks Reactor  
  111  7:47  Orbital Command  
  111  7:54  Medivac  
  111  7:55  Marine  
  111  7:56  Widow Mine x2  
  111  7:57  Marauder  
  120  7:59  SCV  
  120  8:05  Supply Depot  
  121  8:06  Supply Depot  
  121  8:09  Ghost  
  121  8:10  SCV  
  121  8:11  SCV  
  125  8:26  Marine x2, Ghost  
  132  8:27  Widow Mine x2  
  132  8:31  Ghost, SCV  
  114  8:37  Marine x2  
  114  8:38  Marauder, SCV x2  
  114  8:43  SCV  
  114  8:48  Widow Mine  
  116  8:49  Marine x2  
  116  8:53  SCV x2  
  116  8:55  Refinery, Marine, Marauder, SCV  
  122  8:58  Ghost  
  122  8:59  Refinery  
  124  9:04  Engineering Bay  
  124  9:06  Armory, SCV x2  
  124  9:07  SCV  
  127  9:12  Terran Infantry Armor Level 1  
  127  9:13  Marine  
  127  9:14  Marine, Missile Turret  
  128  9:18  Ghost, SCV  
  128  9:23  SCV  
  129  9:29  Missile Turret  
  127  9:33  Bunker, Missile Turret  
  127  9:34  Marine x3  
  127  9:35  Marauder x2, Marine  
  136  9:45  SCV x2  
  136  9:46  SCV  
  136  9:47  Marine  
  135  9:52  Command Center  
  135  9:55  Marine x2  
  135  9:56  Marauder, Supply Depot  
  135  9:57  Marine  
  135  9:59  SCV  
  141  10:00  SCV  
  141  10:17  Marine x5  
  141  10:18  Marauder, SCV x2  
  150  10:23  Widow Mine x2  
  148  10:29  Marine  
  148  10:30  Viking  
  148  10:32  Viking  
  148  10:35  Marine  
  144  10:36  Marauder x2  
  144  10:39  Marauder  
  151  10:47  Barracks, Marine  
  151  10:48  Barracks x2, Marine  
  151  10:49  Supply Depot  
  153  10:57  Marauder  
  153  10:58  Widow Mine  
  153  10:59  Terran Infantry Weapons Level 2  
  153  11:03  Widow Mine  
  159  11:05  Terran Infantry Armor Level 2  
  159  11:09  Marine  
  159  11:10  Marine, Marauder x2  
  165  11:18  Viking x2  
  169  11:27  Marine x2  
  169  11:28  Marauder  
  169  11:29  Terran Ship Weapons Level 1  
  173  11:37  Marauder x2  
  173  11:38  Barracks Tech Lab x2, Barracks Reactor  
  177  11:43  SCV x2  
  179  11:55  Viking x2  
  179  11:56  Planetary Fortress  
  183  12:06  Command Center, SCV x3  
  183  12:07  Sensor Tower  
  186  12:13  Missile Turret  
  186  12:14  Missile Turret  
  186  12:17  Missile Turret  
  186  12:18  Marauder  
  188  12:23  Marauder x3  
  192  12:36  Starport  
  192  12:38  Fusion Core  
  192  12:39  Refinery x2  
  192  12:43  Viking x2  
  194  13:02  Missile Turret  
  194  13:06  Marauder  
  196  13:14  Missile Turret  
  196  13:18  Terran Infantry Weapons Level 3  
  196  13:22  Terran Infantry Armor Level 3  
  196  13:23  Terran Ship Weapons Level 2  
  196  13:25  Marauder x2  
  200  13:39  Ghost  
  193  13:56  Liberator x2  
  193  13:57  Advanced Ballistics  
  199  14:05  Command Center  
  199  14:06  Command Center  
  199  14:14  Liberator x2  
  199  14:32  Planetary Fortress  
  199  14:44  Command Center  
  199  14:51  Ghost  
  197  14:58  Ghost x2  
  199  15:04  Command Center  
  199  15:07  Sensor Tower  
  199  15:15  Command Center  
  199  15:21  Liberator x3  
  188  15:22  Liberator, Ghost  
  188  15:23  Orbital Command x2  
  191  15:31  Refinery  
  191  15:40  Refinery, Ghost x2  
  191  15:41  Marauder  
  191  15:42  Marauder  
  183  15:51  Marauder  
  183  15:55  Marine x3  
  183  15:56  Marine  
  185  15:58  Marine x2  
  185  16:03  Marauder x2  
  182  16:05  SCV  
  182  16:06  Orbital Command  
  182  16:09  Orbital Command, Marauder  
  182  16:10  Marauder  
  182  16:12  SCV  
  183  16:21  Liberator x2  
  183  16:22  Liberator x2  
  195  16:26  SCV x2  
  195  16:27  SCV x3  
  198  16:37  Orbital Command  
  198  16:39  SCV x2  
  200  16:58  Missile Turret, Planetary Fortress  
  200  16:59  Sensor Tower, Missile Turret  
Tags
 
Add a new tag
Caveats
  • Supply blocks, unpowered buildings, or Contaminate may cause inaccurate times.
  • Supply counts are checked every 10 seconds.